 Dungeon Crawl Stone Soup version 0.28-a0-851-g8b9cc49659 (webtiles) character file.

Game seed: 1628582708242683672

49 avis the Chopper (level 3, -3/30 (31) HPs)
             Began as a Hill Orc Monk on Nov 14, 2021.
             Slain by Crazy Yiuf (5 damage)
             ... on level 2 of the Dungeon.
             The game lasted 00:06:18 (2277 turns).

avis the Chopper (Hill Orc Monk)                    Turns: 2277, Time: 00:06:19

HP:   -3/30 (31)    AC:  5    Str: 14    XL:     3   Next: 77%
MP:   1/3           EV: 11    Int: 10    God:
Gold: 95            SH:  0    Dex: 13    Spells: 2/2 levels left

rFire   . . .      SeeInvis .   a - +0 war axe
rCold   . . .      Faith    .   (no shield)
rNeg    . . .      Spirit   .   f - +0 ring mail
rPois   .          Reflect  .   (no helmet)
rElec   .          Harm     .   (no cloak)
rCorr   .          Rampage  .   (no gloves)
Will    .....                   (no boots)
Stlth   +.........              (no amulet)
HPRegen 0.10/turn               (no ring)
MPRegen 0.08/turn               (no ring)

@: lightly drained
A: no striking features
a: no special abilities


You were on level 2 of the Dungeon.
You visited 1 branch of the dungeon, and saw 2 of its levels.

You collected 95 gold pieces.

Inventory:

Hand Weapons
 a - a +0 war axe (weapon)
 g - a +1 dagger of protection
Missiles
 h - 100 stones (quivered)
Armour
 f - a +0 ring mail (worn)
Scrolls
 e - 4 scrolls of identify {unknown}
 i - a scroll of enchant weapon {unknown}
Potions
 b - a potion of curing {unknown}
 c - a potion of lignification {unknown}
 d - a potion of ambrosia {unknown}
 j - a potion of attraction {unknown}
 k - a potion of berserk rage {unknown}


   Skills:
 - Level 3.6 Fighting
 * Level 6.1 Axes
 - Level 2.4 Dodging
 - Level 1.5 Stealth


You had 2 spell levels left.
You didn't know any spells.
Your spell library was empty.

Dungeon Overview and Level Annotations

Branches:
Dungeon (2/15)

Altars:

Shops:
D:1 ?

Annotations:
D:2 Crazy Yiuf


Message History

k - a yellow potion You now have 95 gold pieces (gained 15).
Found a stone staircase leading down.
Partly explored, can't reach some places.
Search for what [Enter for "."]? .
There is a fountain of clear blue water here.
You see here a hobgoblin corpse.
There is an open door here.
Press: ? - help, . - travel You can't see that place. [a runed translucent door.] Removed exclusion.
Crazy Yiuf shouts!
Crazy Yiuf screams, "Cake!"
You open the door. You hit Crazy Yiuf.
Crazy Yiuf is lightly wounded.
Crazy Yiuf hits you with a +4 quarterstaff of chaos!
You feel your power leaking away.
You hit Crazy Yiuf.
Crazy Yiuf is moderately wounded.
Crazy Yiuf hits you with a +4 quarterstaff of chaos.
Crazy Yiuf freezes you.
You hit Crazy Yiuf.
Crazy Yiuf is heavily wounded.
Crazy Yiuf hits you with a +4 quarterstaff of chaos!
Crazy Yiuf freezes you.
* * * LOW HITPOINT WARNING * * *
You closely miss Crazy Yiuf.
Crazy Yiuf is heavily wounded.
Crazy Yiuf closely misses you.
You barely miss Crazy Yiuf.
Crazy Yiuf is heavily wounded.
Crazy Yiuf hits you with a +4 quarterstaff of chaos.
* * * LOW HITPOINT WARNING * * *
You feel drained.
* * * LOW HITPOINT WARNING * * *
Crazy Yiuf says, "Mountain verde water!"
Crazy Yiuf hits you with a +4 quarterstaff of chaos.
You die...

.# ##..........#
#..#
♣♣♣##....#.....#
##.##
....'....#.....#
#..#
♣♣♣##....#######
##.# ..# #....#
#.## ..# #....#
#######..# ..#
#....# ###
###.#...##.#
..######.#
#...##..#.......#
..#...##.#
#...g@####......#
..'...''.# #)..###
##..#.##
..#♣.♣##.# ###
###### ..#♣.♣ #.#
..#♣.♣##.#
###♣.♣...## ####
###♣.♣..#.# #..##
...♣.♣..#.####..#
........#....#..##


You could see Crazy Yiuf.

Vanquished Creatures
  A dart slug (D:2)
  4 bats
  4 endoplasms
  2 giant cockroaches (D:1)
  4 goblins (D:2)
  5 hobgoblins
  5 jackals (D:1)
  3 kobolds
  2 quokkas (D:1)
  2 ball pythons (D:2)
  5 frilled lizards
  4 rats
41 creatures vanquished.

Notes
Turn   | Place    | Note
-------+----------+-------------------------------------------
     0 | D:1      | avis the Hill Orc Monk began the quest for the Orb.
     0 | D:1      | Reached XP level 1. HP: 19/19 MP: 1/1
   344 | D:1      | Found Nuoth's Magic Scroll Boutique.
   366 | D:1      | Reached XP level 2. HP: 26/26 MP: 2/2
   399 | D:1      | Reached skill level 5 in Axes
   621 | D:1      | Found a faded altar of an unknown god.
   623 | D:1      | Noticed a shining eye
   624 | D:1      | Noticed a great orb of eyes
   683 | D:1      | Noticed a golden eye
  1002 | D:1      | Noticed an eye of devastation
  1034 | D:1      | Reached XP level 3. HP: 31/31 MP: 3/3
  1757 | D:2      | Reached skill level 6 in Axes
  2004 | D:2      | Found a runed translucent door.
  2005 | D:2      | Noticed Crazy Yiuf
  2277 | D:2      | Slain by Crazy Yiuf

Illustrated notes

Levels and vault maps discovered:
D:1:      heliophobic_arrival_henge, layout_basic, serial_shops,
          nicolae_shop_behind_doors, hellmonk_ecumenical_altar_watching_god
D:2:      minmay_angry_zag, layout_basic, serial_forest,
          infiniplex_forest_straight_2, infiniplex_forest_clump_tiny,
          infiniplex_forest_lined_1, infiniplex_forest_end_1,
          infiniplex_forest_lined_3_way, infiniplex_forest_fountain,
          infiniplex_forest_straight_1, uniq_crazy_yiuf_cottage

Skill      XL: |  1  2  3 |
---------------+----------+-----
Axes           | 5 6 |  6.1
Fighting       | |  3.6
Dodging        | |  2.4
Stealth        | |  1.5

Action                   || total
-------------------------++-------
Melee: Hand axe          ||   103
       War axe           ||    33
 Stab: Sleeping          ||     1
Armor: Robe              ||    10
       Ring mail         ||    51
Dodge: Dodged            ||    70

Table legend: (Time is in decaauts)
 A = Elapsed time spent in this place.
 B = Non-inter-level travel time spent in this place.
 C = Inter-level travel time spent in this place.
 D = Time resting spent in this place.
 E = Time spent auto-exploring this place.
 F = Levels seen in this place.
 G = Mean time per level.
                   A        B        C        D        E       F      G
               +--------+--------+--------+--------+--------+-----+--------+
         Total |   2291 |   1996 |    295 |    621 |    970 |   2 | 1145.5 |
       Dungeon |   2291 |   1996 |    295 |    621 |    970 |   2 | 1145.5 |
               +--------+--------+--------+--------+--------+-----+--------+

Top non-repeatable levels by time:
     D:1: 1419 daAuts
     D:2: 872 daAuts
